 Dungeon Crawl Stone Soup version 0.31.0-32-g396128a36d (webtiles) character file.

Game seed: 17397990062257510974

233 gohu the Magician (level 6, -3/60 HPs)
             Began as a Djinni Fire Elementalist on Mar 8, 2024.
             Slain by an orc
             ... wielding a +0 trident
              (7 damage)
             ... on level 4 of the Dungeon.
             The game lasted 00:03:59 (3111 turns).

gohu the Magician (Djinni Fire Elementalist)        Turns: 3111, Time: 00:04:00

Health: -3/60      AC:  2    Str: 10    XL:     6   Next: 26%
Gold:   180        EV: 12    Int: 19    God:
                   SH:  0    Dex: 13

rFire   + + +        m - +2 short sword of the Gnat {protect, *Rage rF+ rN+ Str+3}
rCold   x . .        (no shield)
rNeg    + . .        a - +0 robe
rPois   ∞            (no helmet)
rElec   .            (no cloak)
rCorr   .            (no gloves)
SInv    .            (boots unavailable)
Will    .....        (no amulet) Stlth
                     (no ring)
HPRegen 0.30/turn    (no ring)
MPRegen 0.00/turn

%: random rage (20%), infuse magic (-4 HP)
@: berserking, flying, very quick
A: sickness immunity, fire resistance 2, cold vulnerability 1, float, innate
caster, HP casting, extra vitality 1
a: no special abilities


You were on level 4 of the Dungeon.
You visited 1 branch of the dungeon, and saw 4 of its levels.

You collected 180 gold pieces.

Inventory:

Hand Weapons
 m - the +2 short sword of the Gnat (weapon) {protect, *Rage rF+ rN+ Str+3}
   (You took it off a hobgoblin on level 3 of the Dungeon)

   Str+3:     It affects your strength (+3).
   rF+:       It protects you from fire.
   rN+:       It protects you from negative energy.
   *Rage:     It berserks you when you make melee attacks (+20% chance).
Armour
 a - a +0 robe (worn)
 l - +0 fire dragon scales
Scrolls
 d - a scroll of identify {unknown}
 f - 2 scrolls of amnesia {unknown}
 j - a scroll of noise {unknown}
 k - a scroll of torment {unknown}
Potions
 b - 2 potions of berserk rage
 c - 3 potions of curing {unknown}
 e - a potion of resistance {unknown}
 g - 2 potions of attraction {unknown}
 h - a potion of lignification {unknown}
 i - a potion of cancellation {unknown}
 n - a potion of haste {unknown}


   Skills:
 - Level 2.1 Dodging
 - Level 1.5 Stealth
 * Level 5.5 Spellcasting
 * Level 5.5 Conjurations
 * Level 5.5 Hexes
   Level 0.0 Charms
 * Level 5.5 Summonings
 * Level 5.5 Necromancy
 * Level 5.5 Translocations
   Level 0.0 Transmutations
 * Level 5.5 Fire Magic
 * Level 5.5 Ice Magic
 * Level 5.5 Air Magic
 * Level 5.5 Earth Magic
 * Level 5.5 Alchemy


You knew the following spells:

 Your Spells              Type           Power      Damage    Failure   Level
a - Foxfire               Conj/Fire      100%       2x1d9     1%          1
b - Scorch                Fire           52%        2d7       1%          2
c - Volatile Blastmotes   Fire/Tloc      52%        2d14      3%          3
d - Inner Flame           Hex/Fire       26%        N/A       3%          3
e - Flame Wave            Conj/Fire      26%        2d8       12%         4
f - Summon Small Mammal   Summ           100%       N/A       1%          1
g - Mercury Vapours       Alch/Air       52%        N/A       1%          2
Your spell library was empty.

Dungeon Overview and Level Annotations

Branches:
Dungeon (4/15)
 Temple: D:4-7

Altars:
Uskayaw
Xom
Zin

Annotations:
D:3 3 runed translucent doors, aheadsoundss's ghost, amateur KoBr


Innate Abilities, Weirdness & Mutations

You are immune to sickness and miasma.
You are immune to poison.
Your flesh is very heat resistant. (rF++)
You are vulnerable to cold. (rC-)
You float through the air rather than walking.
You learn spells naturally, not from books.
Your magical power is your life essence.
You have superior vitality. (+4 MHP)


Message History

Flames lash the orc.
The orc shouts!
The orc is lightly wounded.
The orc's fire resistance burns away.
You hear a shout!
An orc comes into view. It is wielding a +0 club.
The orc hits you from afar with a +0 trident.
Casting: Scorch (safe; 1% risk of failure)
Confirm with . or Enter, or press ? or * to list all spells.
Flames lash the orc.
You kill the orc!
The orc is no longer more vulnerable to fire.
The orc closely misses you.
The orc hits you from afar with a +0 trident.
Casting: Scorch (safe; 1% risk of failure)
Confirm with . or Enter, or press ? or * to list all spells.
Flames lash the orc but do no damage.
An orc comes into view. It is wielding a +0 whip.
The orc hits you from afar with a +0 trident.
The orc hits you from afar with a +0 trident.
* * * LOW HITPOINT WARNING * * *
Casting: Scorch (safe; 1% risk of failure)
Confirm with . or Enter, or press ? or * to list all spells.
Flames lash the orc.
The orc is heavily wounded.
The orc's fire resistance burns away.
* * * LOW HITPOINT WARNING * * *
The orc hits you from afar with a +0 trident!
* * * LOW HITPOINT WARNING * * *
The orc hits you from afar with a +0 trident.
* * * LOW HITPOINT WARNING * * *
Casting: Scorch (safe; 1% risk of failure)
Confirm with . or Enter, or press ? or * to list all spells.
You don't have enough health to cast this spell.
It was a potion of berserk rage.
A red film seems to cover your vision as you go berserk!
You feel yourself moving faster!
You feel mighty!
The orc is no longer more vulnerable to fire.
The orc hits you from afar with a +0 trident!
You die...

..)...÷.#.#.#
###...#.....#
# #######...##
# #.#..# #
#.#..########
###
#.#........o
...
..#.####>o#
### ###.# #.##
#.# #@# #.#
#.# #.# #.#
#.####.#######
#......†......
######.#######
#.# #.# #.#


You could see an orc.

Vanquished Creatures
  A bombardier beetle (D:4)
  A jelly (D:4)
  An orc priest (D:4)
  7 adders
  A dart slug (D:3)
  A ribbon worm (D:2)
  6 orcs
  8 ball pythons
  2 endoplasms
  7 giant cockroaches
  5 goblins
  5 hobgoblins
  3 jackals (D:2)
  9 kobolds
  4 quokkas
  A frilled lizard (D:2)
  4 rats
66 creatures vanquished.

Vanquished Creatures (collateral kills)
  3 foxfires (D:3)
3 creatures vanquished.

Vanquished Creatures (others)
  An angel (D:3)
  An endoplasm (D:3)
  235 foxfires
237 creatures vanquished.

Grand Total: 306 creatures vanquished

Notes
Turn   | Place    | Note
-------+----------+-------------------------------------------
     0 | D:1      | gohu the Djinni Fire Elementalist began the quest for the
                  | Orb.
     0 | D:1      | gohu set off with the following spells memorised: Foxfire,
                  | Scorch, Volatile Blastmotes, Inner Flame, Flame Wave.
     0 | D:1      | Reached XP level 1. HP: 15/15 MP: 0/0
   117 | D:1      | Reached XP level 2. HP: 20/21 MP: 0/0
   684 | D:2      | Reached XP level 3. HP: 15/25 MP: 0/0
   684 | D:2      | Learned a level 1 spell: Summon Small Mammal
  1246 | D:2      | Reached XP level 4. HP: 30/31 MP: 0/0
  1797 | D:3      | Found a hide-covered altar of Uskayaw.
  1869 | D:3      | Found a runed translucent gate.
  1869 | D:3      | Found a runed translucent gate.
  1869 | D:3      | Found a runed translucent gate.
  2043 | D:3      | Noticed aheadsoundss's ghost (amateur KoBr)
  2109 | D:3      | Found a glowing silver altar of Zin.
  2110 | D:3      | Noticed an angel
  2111 | D:3      | Found a shimmering altar of Xom.
  2169 | D:3      | Identified the +2 short sword of the Gnat {protect, *Rage
                  | rF+ rN+ Str+3}
  2198 | D:3      | Killed an angel
  2618 | D:4      | Reached XP level 5. HP: 33/35 MP: 0/0
  2618 | D:4      | Learned a level 2 spell: Mercury Vapours
  2855 | D:4      | Reached skill level 5 in Spellcasting
  2855 | D:4      | Reached skill level 5 in Conjurations
  2855 | D:4      | Reached skill level 5 in Hexes
  2855 | D:4      | Reached skill level 5 in Summonings
  2855 | D:4      | Reached skill level 5 in Necromancy
  2855 | D:4      | Reached skill level 5 in Translocations
  2855 | D:4      | Reached skill level 5 in Fire Magic
  2855 | D:4      | Reached skill level 5 in Ice Magic
  2855 | D:4      | Reached skill level 5 in Air Magic
  2855 | D:4      | Reached skill level 5 in Earth Magic
  2855 | D:4      | Reached skill level 5 in Alchemy
  3039 | D:4      | Reached XP level 6. HP: 34/40 MP: 0/0
  3109 | D:4      | HP: 2/40 [orc/+0 trident (1)]
  3111 | D:4      | Slain by an orc

Illustrated notes

Levels and vault maps discovered:
D:1:      minmay_arrival_arboretum_small, layout_rooms
D:2:      layout_loops_corners, basic_altar, kennysheep_generic_room_5
D:3:      layout_loops_ring, grunt_temple_overflow_order_and_chaos_1,
          kiku_gazebo_garden_becter, mainiacjoe_overflow_boulevard,
          gammafunk_ghost_icy, minmay_misc_feat_five, fountainhead,
          kennysheep_doodads
D:4:      layout_basic

Skill      XL: |  1  2  3  4  5 |
---------------+----------------+-----
Spellcasting   | 4 5 |  5.5
Conjurations   | 4 5 |  5.5
Hexes          | 4 5 |  5.5
Summonings     | 4 5 |  5.5
Necromancy     | 4 5 |  5.5
Translocations | 4 5 |  5.5
Fire Magic     | 4 5 |  5.5
Ice Magic      | 4 5 |  5.5
Air Magic      | 4 5 |  5.5
Earth Magic    | 4 5 |  5.5
Alchemy        | 4 5 |  5.5
Dodging        | |  2.1
Stealth        | |  1.5

Action                     |  1- 3 |  4- 6 || total
---------------------------+-------+-------++-------
   Cast: Foxfire           |    66 |    81 ||   147
         Scorch            |     8 |    15 ||    23
    Use: Potion            |       |     1 ||     1
 Armour: Robe              |     4 |    18 ||    22
  Dodge: Dodged            |     5 |     7 ||    12
